 Seeded DCSS version 0.30.0-29-ga12c61a403 (webtiles) character file.

Game seed: 12630017096831723299 (custom seed)

5639 IndexError the Blocker (level 10, -6/82 HPs)
             Began as a Gnoll Fighter on June 15, 2023.
             Was a Priest of Cheibriados.
             Killed from afar by a fire dragon (45 damage)
             ... with a blast of flame
             ... on level 9 of the Dungeon.
             The game lasted 00:11:24 (8928 turns).

IndexError the Blocker (Gnoll Fighter)              Turns: 8928, Time: 00:11:25

Health: -6/82      AC: 11    Str: 22    XL:     10   Next: 74%
Magic:  18/18      EV: 17    Int: 14    God:    Cheibriados [***...]
Gold:   209        SH:  8    Dex: 30    Spells: 20/20 levels left

rFire   . . .        p - +8 autumn katana {manifold assault}
rCold   + . .        c - +0 buckler
rNeg    . . .        D - +3 leather armour {rC+}
rPois   .            A - +1 helmet
rElec   .            f - scarf {repulsion}
rCorr   .            (no gloves)
SInv    .            C - +0 pair of boots
Will    .....        (no amulet)
Stlth   ++++         B - +6 ring of dexterity
HPRegen 0.33/turn    H - +4 ring of slaying
MPRegen 0.16/turn

%: repel missiles
@: very slow
A: fangs 1, strong nose, distributed training
a: Renounce Religion, Bend Time, Temporal Distortion


You were on level 9 of the Dungeon.
You worshipped Cheibriados.
Cheibriados was most pleased with you.
You visited 1 branch of the dungeon, and saw 9 of its levels.
You also visited: Sewer.

You collected 456 gold pieces.
You spent 247 gold pieces at shops.

Inventory:

Hand Weapons
 p - the +8 autumn katana (weapon) {manifold assault}
   (You found it on level 3 of the Dungeon)
Missiles
 a - a throwing net {=f, !d}
 G - a boomerang of dispersal {=f}
Armour
 c - a +0 buckler (worn)
 f - a scarf of repulsion (worn)
   (You found it on level 1 of the Dungeon)
 A - a +1 helmet (worn)
   (You found it on level 5 of the Dungeon)
 C - a +0 pair of boots (worn)
   (You bought it in a shop on level 5 of the Dungeon)
 D - a +3 leather armour of cold resistance (worn)
   (You bought it in a shop on level 5 of the Dungeon)
Magical Staves
 y - a staff of earth
   (You found it on level 5 of the Dungeon)
 F - a staff of fire {rF+}
   (You took it off an orc on level 6 of the Dungeon)
Jewellery
 B - a +6 ring of dexterity (left hand)
   (You found it on level 5 of the Dungeon)
 H - a +4 ring of slaying (right hand)
   (You found it on level 7 of the Dungeon)
 K - an amulet of the acrobat
   (You found it on level 8 of the Dungeon)
Wands
 r - a wand of light (12)
   (You found it in a sewer)
 u - a wand of flame (16)
   (You took it off Blork the orc on level 4 of the Dungeon)
Scrolls
 e - 5 scrolls of teleportation
 g - a scroll of poison {!r}
 i - 2 scrolls of magic mapping {!r}
 l - a scroll of fog
 t - a scroll of fear
 w - a scroll of vulnerability {!r!r}
 x - a scroll of blinking {!r}
 z - a scroll of noise {!r}
Potions
 d - 2 potions of mutation {unknown}
 h - 5 potions of curing {unknown}
 k - a potion of ambrosia
 m - 2 potions of magic
 n - 2 potions of berserk rage {!q}
 o - 2 potions of brilliance
 q - 2 potions of heal wounds {unknown}
 s - a potion of might
 E - a potion of haste
 I - 2 potions of lignification {unknown}
 J - a potion of cancellation


   Skills:
 + Level 8.8 Fighting
 + Level 5.8 Short Blades
 + Level 7.4 Long Blades
 + Level 5.8 Axes
 + Level 5.8 Maces & Flails
 + Level 5.8 Polearms
 + Level 5.8 Staves
 + Level 5.8 Ranged Weapons
 + Level 5.8 Throwing
 + Level 8.8 Armour
 + Level 5.8 Dodging
 + Level 5.8 Stealth
 + Level 8.8 Shields
 + Level 5.8 Unarmed Combat
 + Level 5.8 Spellcasting
 + Level 4.7 Conjurations
 + Level 4.7 Hexes
 + Level 4.7 Summonings
 + Level 4.7 Necromancy
 + Level 4.7 Translocations
 + Level 4.7 Transmutations
 + Level 4.7 Fire Magic
 + Level 4.7 Ice Magic
 + Level 4.7 Air Magic
 + Level 4.7 Earth Magic
 + Level 4.7 Poison Magic
 + Level 6.3 Invocations
 + Level 5.8 Evocations


You had 20 spell levels left.
You didn't know any spells.
Your spell library contained the following spells:

 Spells                   Type           Power      Damage    Failure   Level
 Vhi's Electric Charge    Tloc/Air       34%        N/A       9%          3
 Arcjolt                  Conj/Air       8%         1d18      63%         5
 Plasma Beam              Fire/Air       8%         2x1d21    99%         6


Dungeon Overview and Level Annotations

Branches:
Dungeon (9/15)             Temple (0/1) D:7            Lair (0/5) D:8
  Sewer (visited)
    Orc: D:9-12

Altars:
Cheibriados
Fedhas
Gozag
Hepliaklqana
Makhleb
Nemelex Xobeh
Ru
Trog
Uskayaw
Vehumet
Xom
Zin
The Shining One

Shops:
D:5 [

Annotations:
D:6 3 runed translucent doors, ChadusMaximus's ghost, novice HuCj; Crazy Yiuf


Innate Abilities, Weirdness & Mutations

You have very sharp teeth.
Your uncanny sense of smell can sniff out nearby items.
Your experience applies equally to all skills.


Message History

You take 12 damage, and have 70/79 hp.
You slice the wight!!
Cheibriados thoroughly appreciates the change of pace.
Things that are here:
a +0 battleaxe; a +0 robe You slash the wight!
You slice through the folds of space itself!
You slice the two-headed ogre!! The wight completely misses you.
You slice the wight!!
Cheibriados thoroughly appreciates the change of pace.
There is a stone staircase leading up here.
You barely miss the two-headed ogre. You slash the two-headed ogre!
The two-headed ogre closely misses you.
The two-headed ogre hits you with a +0 giant club!!
You take 18 damage, and have 54/80 hp.
MASSIVE DAMAGE!!
You hit the two-headed ogre.
You feel your willpower return. The two-headed ogre barely misses you.
The two-headed ogre misses you.
You slash the two-headed ogre! You bite the two-headed ogre.
You slash the two-headed ogre!
Cheibriados appreciates the change of pace.
Your life force feels restored.
No target in view!
Things that are here:
a +0 giant club; a +0 giant club
There is a stone staircase leading up, spattered with blood here.
As you read the scroll of identify, it crumbles to dust.
o - 2 potions of brilliance
As you read the scroll of identify, it crumbles to dust.
m - 2 potions of magic
As you read the scroll of identify, it crumbles to dust.
n - 2 potions of berserk rage
Okay, then.
HP restored.
Things that are here:
a +0 battleaxe; a +0 robe
Things that are here:
a +4 flail of freezing; a +0 robe; Health restored: 82 You open the door.
Found a stone staircase leading down.
There is an open door here.
As you open the door, it creaks loudly!
A wight comes into view. It is wielding a +0 hand axe.
There is an open door here.
A wight is nearby!
A wight is nearby!
You slash the wight! The wight misses you.
You slash the wight!
Cheibriados appreciates the change of pace.
A wight comes into view. It is wielding a +5 spear of freezing.
You slash the wight! You slice the wight!!
Cheibriados thoroughly appreciates the change of pace.
No target in view!
A wight comes into view. It is wielding a +0 long sword.
Items here: )) [[.
A wight is nearby!
A wight is nearby!
The wight hits you but does no damage. The wight misses you.
You closely miss the wight. You block the wight's attack.
You slice the wight!!
Cheibriados appreciates the change of pace.
No target in view!
No target in view!
No target in view!
An electric eel comes into view.
The electric eel shoots out a bolt of lightning at you!
The bolt of electricity hits you!
You take 13 damage, and have 69/82 hp.
An electric eel is nearby!
An electric eel is nearby!
You start resting.
HP restored.
Health restored: 82
Okay, then.
Aiming: Throw Flame
Press: ? - help, Shift-Dir - straight line, f - electric eel
Aim: an electric eel (water, wandering, hasn't noticed you, 57% to hit)
The puff of flame misses the electric eel.
The electric eel is engulfed in a cloud of scalding steam.
The electric eel shoots out a bolt of lightning at you!
The bolt of electricity hits you!
A fire dragon comes into view.
An acid dragon comes into view.
The acid dragon roars!
You take 12 damage, and have 70/82 hp.
Aiming: Throw Flame
Press: ? - help, Shift-Dir - straight line, f/p - electric eel
Aim: an electric eel (steam, water, severely wounded, 57% to hit)
The puff of flame hits the electric eel!
Cheibriados appreciates the change of pace.
You hear a splash.
The fire dragon roars deafeningly!
The fire dragon breathes flames at you. The blast of flame hits you!!
The acid dragon spits acid at you. The splash of acid misses you.
You take 34 damage, and have 37/82 hp.
MASSIVE DAMAGE!!
The fire dragon breathes flames at you. The blast of flame hits you!!!
Ouch! That really hurt!
You die...

#.####.##.#,,,,,,
#.# #....#,,,,,,
#.# ####.#,,,,,,
##.# #.#,,,,,,
#..# #.#,,,,,,
#.## #.#######
#.# #........
##.# #....)...
#.@# #..)#####
##..## #...'....
##....##
#...#....
#......#
#...#....
##...DD.#
#...#....
#.......#*
#...#.)..
#........#
#...+....
*#≈~......#
##..#....
#≈≈~~.....#
#..####+


You could see a fire dragon (catching breath) and an acid dragon.

Vanquished Creatures
  A two-headed ogre (D:9)
  Maggie (D:7)
  Prince Ribbit (D:6)
  Grinder (D:3)
  Sigmund (D:4)
  A wyvern (D:9)
  3 yaks (D:8)
  Grum (D:8)
  Duvessa (D:6)
  Edmund (D:6)
  A water moccasin (D:5)
  2 orc warriors
  2 ice beasts
  Pargi (Sewer)
  3 ogres
  2 centaurs
  4 wolves (D:8)
  2 phantoms
  Blork the orc (D:4)
  A bullfrog (D:7)
  2 scorpions
  10 wights
  Dowan (D:6)
  A jelly (D:4)
  2 howler monkeys (D:5)
  An electric eel (D:9)
  4 hounds
  2 orc priests
  3 sleepcaps
  A gnoll bouda (D:8)
  2 iguanas (D:5)
  4 orc wizards
  Natasha (thrice) (D:4)
  15 gnolls
  8 adders
  A river rat (D:4)
  3 worms
  A dart slug (D:1)
  23 orcs
  A bat (D:1)
  7 endoplasms
  3 giant cockroaches
  6 goblins
  5 hobgoblins
  4 jackals (D:2)
  7 kobolds
  5 quokkas
  10 ball pythons
  3 frilled lizards
  14 rats
183 creatures vanquished.

Notes
Turn   | Place    | Note
-------+----------+-------------------------------------------
     0 | D:1      | IndexError the Gnoll Fighter began the quest for the Orb.
     0 | D:1      | Reached XP level 1. HP: 23/23 MP: 1/1
    63 | D:1      | Reached XP level 2. HP: 29/29 MP: 2/2
   377 | D:1      | Reached XP level 3. HP: 35/35 MP: 3/3
   925 | D:1      | Reached skill level 1 in Invocations
  1204 | D:2      | Reached skill level 1 in Short Blades
  1204 | D:2      | Reached skill level 1 in Axes
  1204 | D:2      | Reached skill level 1 in Maces & Flails
  1204 | D:2      | Reached skill level 1 in Polearms
  1204 | D:2      | Reached skill level 1 in Staves
  1204 | D:2      | Reached skill level 1 in Ranged Weapons
  1204 | D:2      | Reached skill level 1 in Throwing
  1204 | D:2      | Reached skill level 1 in Dodging
  1204 | D:2      | Reached skill level 1 in Stealth
  1204 | D:2      | Reached skill level 1 in Unarmed Combat
  1204 | D:2      | Reached skill level 1 in Spellcasting
  1204 | D:2      | Reached skill level 1 in Evocations
  1793 | D:3      | Found a faded altar of an unknown god.
  1813 | D:3      | Found the +8 autumn katana {manifold assault}
  1974 | D:3      | Reached XP level 4. HP: 18/41 MP: 5/5
  1984 | D:3      | Reached skill level 1 in Conjurations
  1984 | D:3      | Reached skill level 1 in Hexes
  1984 | D:3      | Reached skill level 1 in Summonings
  1984 | D:3      | Reached skill level 1 in Necromancy
  1984 | D:3      | Reached skill level 1 in Translocations
  1984 | D:3      | Reached skill level 1 in Transmutations
  1984 | D:3      | Reached skill level 1 in Fire Magic
  1984 | D:3      | Reached skill level 1 in Ice Magic
  1984 | D:3      | Reached skill level 1 in Air Magic
  1984 | D:3      | Reached skill level 1 in Earth Magic
  1984 | D:3      | Reached skill level 1 in Poison Magic
  2167 | D:3      | Found a shimmering altar of Xom.
  2185 | D:3      | Found a snail-covered altar of Cheibriados.
  2199 | D:3      | Found a hide-covered altar of Uskayaw.
  2201 | D:3      | Found a blossoming altar of Fedhas.
  2326 | D:3      | Noticed Grinder
  2341 | D:3      | Killed Grinder
  2342 | D:3      | Reached skill level 2 in Short Blades
  2342 | D:3      | Reached skill level 5 in Long Blades
  2342 | D:3      | Reached skill level 2 in Axes
  2342 | D:3      | Reached skill level 2 in Maces & Flails
  2342 | D:3      | Reached skill level 2 in Polearms
  2342 | D:3      | Reached skill level 2 in Staves
  2342 | D:3      | Reached skill level 2 in Ranged Weapons
  2342 | D:3      | Reached skill level 2 in Throwing
  2342 | D:3      | Reached skill level 2 in Dodging
  2342 | D:3      | Reached skill level 2 in Stealth
  2342 | D:3      | Reached skill level 2 in Unarmed Combat
  2342 | D:3      | Reached skill level 2 in Spellcasting
  2342 | D:3      | Reached skill level 2 in Invocations
  2342 | D:3      | Reached skill level 2 in Evocations
  2342 | D:3      | Reached XP level 5. HP: 17/47 MP: 5/8
  2342 | D:3      | Reached XP level 6. HP: 20/53 MP: 5/9
  3084 | D:4      | Found a glowing drain.
  3089 | Sewer    | Entered a sewer
  3108 | Sewer    | Noticed Pargi
  3113 | Sewer    | Killed Pargi
  3411 | D:4      | Reached XP level 7. HP: 59/59 MP: 10/10
  3445 | D:4      | Reached skill level 7 in Fighting
  3445 | D:4      | Reached skill level 7 in Armour
  3445 | D:4      | Reached skill level 7 in Shields
  3489 | D:4      | Noticed Blork the orc
  3492 | D:4      | Noticed Sigmund
  3497 | D:4      | Killed Blork the orc
  3498 | D:4      | Reached skill level 2 in Conjurations
  3498 | D:4      | Reached skill level 2 in Hexes
  3498 | D:4      | Reached skill level 2 in Summonings
  3498 | D:4      | Reached skill level 2 in Necromancy
  3498 | D:4      | Reached skill level 2 in Translocations
  3498 | D:4      | Reached skill level 2 in Transmutations
  3498 | D:4      | Reached skill level 2 in Fire Magic
  3498 | D:4      | Reached skill level 2 in Ice Magic
  3498 | D:4      | Reached skill level 2 in Air Magic
  3498 | D:4      | Reached skill level 2 in Earth Magic
  3498 | D:4      | Reached skill level 2 in Poison Magic
  3502 | D:4      | Killed Sigmund
  3503 | D:4      | Reached skill level 3 in Invocations
  3604 | D:4      | Found a sacrificial altar of Ru.
  3604 | D:4      | Found a glowing silver altar of Zin.
  3815 | D:4      | Noticed Natasha
  3819 | D:4      | Killed Natasha
  3875 | D:4      | Reached skill level 3 in Short Blades
  3875 | D:4      | Reached skill level 3 in Axes
  3875 | D:4      | Reached skill level 3 in Maces & Flails
  3875 | D:4      | Reached skill level 3 in Polearms
  3875 | D:4      | Reached skill level 3 in Staves
  3875 | D:4      | Reached skill level 3 in Ranged Weapons
  3875 | D:4      | Reached skill level 3 in Throwing
  3875 | D:4      | Reached skill level 3 in Dodging
  3875 | D:4      | Reached skill level 3 in Stealth
  3875 | D:4      | Reached skill level 3 in Unarmed Combat
  3875 | D:4      | Reached skill level 3 in Spellcasting
  3875 | D:4      | Reached skill level 3 in Evocations
  3875 | D:4      | Reached XP level 8. HP: 45/67 MP: 12/12
  4096 | D:4      | Noticed Natasha
  4104 | D:4      | Killed Natasha
  4261 | D:4      | Noticed Natasha
  4273 | D:4      | Killed Natasha
  4307 | D:3      | Became a worshipper of Cheibriados the Contemplative
  4367 | D:5      | Entered Level 5 of the Dungeon
  4988 | D:5      | Reached * piety under Cheibriados
  4989 | D:5      | Reached skill level 4 in Invocations
  5023 | D:5      | Reached skill level 3 in Conjurations
  5023 | D:5      | Reached skill level 3 in Hexes
  5023 | D:5      | Reached skill level 3 in Summonings
  5023 | D:5      | Reached skill level 3 in Necromancy
  5023 | D:5      | Reached skill level 3 in Translocations
  5023 | D:5      | Reached skill level 3 in Transmutations
  5023 | D:5      | Reached skill level 3 in Fire Magic
  5023 | D:5      | Reached skill level 3 in Ice Magic
  5023 | D:5      | Reached skill level 3 in Air Magic
  5023 | D:5      | Reached skill level 3 in Earth Magic
  5023 | D:5      | Reached skill level 3 in Poison Magic
  5054 | D:5      | Reached skill level 6 in Long Blades
  5293 | D:5      | Found Xorod's Antique Armour Boutique.
  5315 | D:5      | Bought a pair of boots for 117 gold pieces
  5315 | D:5      | Bought a runed leather armour for 130 gold pieces
  5384 | D:5      | Reached XP level 9. HP: 63/73 MP: 14/14
  5543 | D:6      | Noticed Prince Ribbit
  5548 | D:6      | Killed Prince Ribbit
  5549 | D:6      | Reached skill level 4 in Short Blades
  5549 | D:6      | Reached skill level 4 in Axes
  5549 | D:6      | Reached skill level 4 in Maces & Flails
  5549 | D:6      | Reached skill level 4 in Polearms
  5549 | D:6      | Reached skill level 4 in Staves
  5549 | D:6      | Reached skill level 4 in Ranged Weapons
  5549 | D:6      | Reached skill level 4 in Throwing
  5549 | D:6      | Reached skill level 4 in Dodging
  5549 | D:6      | Reached skill level 4 in Stealth
  5549 | D:6      | Reached skill level 4 in Unarmed Combat
  5549 | D:6      | Reached skill level 4 in Spellcasting
  5549 | D:6      | Reached skill level 4 in Evocations
  5638 | D:6      | HP: 12/70 [wight/+5 morningstar (8)]
  5899 | D:6      | Noticed Edmund
  5905 | D:6      | Killed Edmund
  5927 | D:6      | Reached skill level 8 in Fighting
  5927 | D:6      | Reached skill level 8 in Armour
  5927 | D:6      | Reached skill level 8 in Shields
  5940 | D:6      | Found a runed translucent door.
  5979 | D:6      | Noticed Dowan
  5981 | D:6      | Noticed Duvessa
  5985 | D:6      | Killed Duvessa
  5994 | D:6      | Killed Dowan
  6080 | D:6      | Found a hazy altar of Hepliaklqana.
  6082 | D:6      | Found a bloodstained altar of Trog.
  6103 | D:6      | Found a runed translucent door.
  6107 | D:6      | Noticed ChadusMaximus's ghost (novice HuCj)
  6152 | D:6      | Reached skill level 5 in Invocations
  6187 | D:6      | Found a radiant altar of Vehumet.
  6287 | D:6      | Found a burning altar of Makhleb.
  6547 | D:6      | Found a runed translucent door.
  6548 | D:6      | Noticed Crazy Yiuf
  6608 | D:6      | Reached ** piety under Cheibriados
  7091 | D:7      | Noticed Maggie
  7092 | D:7      | Found a glowing golden altar of the Shining One.
  7111 | D:7      | Reached skill level 4 in Conjurations
  7111 | D:7      | Reached skill level 4 in Hexes
  7111 | D:7      | Reached skill level 4 in Summonings
  7111 | D:7      | Reached skill level 4 in Necromancy
  7111 | D:7      | Reached skill level 4 in Translocations
  7111 | D:7      | Reached skill level 4 in Transmutations
  7111 | D:7      | Reached skill level 4 in Fire Magic
  7111 | D:7      | Reached skill level 4 in Ice Magic
  7111 | D:7      | Reached skill level 4 in Air Magic
  7111 | D:7      | Reached skill level 4 in Earth Magic
  7111 | D:7      | Reached skill level 4 in Poison Magic
  7156 | D:7      | Killed Maggie
  7157 | D:7      | Reached skill level 5 in Short Blades
  7157 | D:7      | Reached skill level 5 in Axes
  7157 | D:7      | Reached skill level 5 in Maces & Flails
  7157 | D:7      | Reached skill level 5 in Polearms
  7157 | D:7      | Reached skill level 5 in Staves
  7157 | D:7      | Reached skill level 5 in Ranged Weapons
  7157 | D:7      | Reached skill level 5 in Throwing
  7157 | D:7      | Reached skill level 5 in Dodging
  7157 | D:7      | Reached skill level 5 in Stealth
  7157 | D:7      | Reached skill level 5 in Unarmed Combat
  7157 | D:7      | Reached skill level 5 in Spellcasting
  7157 | D:7      | Reached skill level 5 in Evocations
  7157 | D:7      | Reached XP level 10. HP: 65/81 MP: 17/17
  7377 | D:7      | Found a staircase to the Ecumenical Temple.
  7540 | D:8      | Noticed Grum
  7552 | D:8      | Reached skill level 7 in Long Blades
  7554 | D:8      | Killed Grum
  8082 | D:8      | Found a staircase to the Lair.
  8164 | D:8      | Reached skill level 6 in Invocations
  8166 | D:8      | Reached *** piety under Cheibriados
  8628 | D:8      | Found an opulent altar of Gozag.
  8629 | D:8      | Found a sparkling altar of Nemelex Xobeh.
  8727 | D:9      | Noticed a two-headed ogre
  8744 | D:9      | Killed a two-headed ogre
  8922 | D:9      | Noticed a fire dragon
  8928 | D:9      | Killed from afar by a fire dragon

Illustrated notes

Levels and vault maps discovered:
D:1:      scummos_arrival_forest, layout_loops_ring, serial_forest,
          infiniplex_forest_clump_long, infiniplex_forest_straight_4,
          infiniplex_forest_lined_2, infiniplex_forest_clump_long,
          infiniplex_forest_lined_room_3, infiniplex_forest_diagonal,
          infiniplex_forest_clump_diagonal, minmay_rat_gold_closets
D:2:      layout_loops_ring, kennysheep_generic_room_10
D:3:      layout_loops_ring, mainiacjoe_overflow_catwalk, minitemple,
          shapermc_ecumenical_altar_mp_urbaneastern, uniq_grinder
D:4:      layout_gridville, mainiacjoe_overflow_large_starburst,
          gup_sewer_entry_spiral, uniq_sigmund, uniq_blork_the_orc, uniq_natasha
D:5:      layout_loops_corners, serial_shops, nicolae_shop_hallway_plus
D:6:      layout_loops_ring, mainiacjoe_overflow_boulevard,
          general_overflow_altar, chequers_temple_overflow_statue_of_worship,
          ebering_ghost_sewer_f, uniq_crazy_yiuf_cottage, uniq_duvessa,
          uniq_edmund, uniq_prince_ribbit1
D:7:      layout_basic, tso_metal_star, temple_hall, lemuel_flamethrower_1,
          uniq_maggie
D:8:      layout_basic, grunt_temple_overflow_opulence, lair_entry_dummy,
          uniq_grum
D:9:      dragon1_lemuel, layout_irregular_city, elyvilon_altar_1,
          gammafunk_ghost_berserking_beasts

Skill      XL: |  1  2  3  4  5  6  7  8  9 10 |
---------------+-------------------------------+-----
Invocations    | 1 2 3 4 5 6 |  6.3
Short Blades   | 1 2 3 5 |  5.8
Axes           | 1 2 3 5 |  5.8
Maces & Flails | 1 2 3 5 |  5.8
Polearms       | 1 2 3 5 |  5.8
Staves         | 1 2 3 5 |  5.8
Ranged Weapons | 1 2 3 5 |  5.8
Throwing       | 1 2 3 5 |  5.8
Dodging        | 1 2 3 5 |  5.8
Stealth        | 1 2 3 5 |  5.8
Unarmed Combat | 1 2 3 5 |  5.8
Spellcasting   | 1 2 3 5 |  5.8
Evocations     | 1 2 3 5 |  5.8
Conjurations   | 1 2 3 4 |  4.7
Hexes          | 1 2 3 4 |  4.7
Summonings     | 1 2 3 4 |  4.7
Necromancy     | 1 2 3 4 |  4.7
Translocations | 1 2 3 4 |  4.7
Transmutations | 1 2 3 4 |  4.7
Fire Magic     | 1 2 3 4 |  4.7
Ice Magic      | 1 2 3 4 |  4.7
Air Magic      | 1 2 3 4 |  4.7
Earth Magic    | 1 2 3 4 |  4.7
Poison Magic   | 1 2 3 4 |  4.7
Long Blades    | 5 6 7 |  7.4
Fighting       | 7 8 |  8.8
Armour         | 7 8 |  8.8
Shields        | 7 8 |  8.8

Action                     |  1- 3 |  4- 6 |  7- 9 | 10-12 || total
---------------------------+-------+-------+-------+-------++-------
  Melee: Long sword        |    48 |       |       |       ||    48
         Short sword       |    79 |    19 |       |       ||    98
         Bite              |     6 |     2 |    14 |    12 ||    34
         Katana            |       |    41 |   192 |    87 ||   320
  Evoke: Wand              |       |       |       |     2 ||     2
    Use: Potion            |       |     1 |       |       ||     1
         Scroll            |       |       |       |    17 ||    17
   Stab: Sleeping          |       |       |     5 |     2 ||     7
         Distracted        |       |       |       |     2 ||     2
 Armour: Scale mail        |    41 |    13 |    37 |       ||    91
         Leather armour    |       |       |    17 |    20 ||    37
  Dodge: Dodged            |    43 |    18 |    87 |    34 ||   182
         Repelled          |       |       |     2 |       ||     2
  Block: Buckler           |    34 |    17 |    39 |    26 ||   116

Levels and vault maps discovered:
D:1:      scummos_arrival_forest, layout_loops_ring, serial_forest,
          infiniplex_forest_clump_long, infiniplex_forest_straight_4,
          infiniplex_forest_lined_2, infiniplex_forest_clump_long,
          infiniplex_forest_lined_room_3, infiniplex_forest_diagonal,
          infiniplex_forest_clump_diagonal, minmay_rat_gold_closets
D:2:      layout_loops_ring, kennysheep_generic_room_10
D:3:      layout_loops_ring, mainiacjoe_overflow_catwalk, minitemple,
          shapermc_ecumenical_altar_mp_urbaneastern, uniq_grinder
D:4:      layout_gridville, mainiacjoe_overflow_large_starburst,
          gup_sewer_entry_spiral, uniq_sigmund, uniq_blork_the_orc, uniq_natasha
D:5:      layout_loops_corners, serial_shops, nicolae_shop_hallway_plus
D:6:      layout_loops_ring, mainiacjoe_overflow_boulevard,
          general_overflow_altar, chequers_temple_overflow_statue_of_worship,
          ebering_ghost_sewer_f, uniq_crazy_yiuf_cottage, uniq_duvessa,
          uniq_edmund, uniq_prince_ribbit1
D:7:      layout_basic, tso_metal_star, temple_hall, lemuel_flamethrower_1,
          uniq_maggie
D:8:      layout_basic, grunt_temple_overflow_opulence, lair_entry_dummy,
          uniq_grum
D:9:      dragon1_lemuel, layout_irregular_city, elyvilon_altar_1,
          gammafunk_ghost_berserking_beasts

Table legend: (Time is in decaauts)
 A = Elapsed time spent in this place.
 B = Non-inter-level travel time spent in this place.
 C = Inter-level travel time spent in this place.
 D = Time resting spent in this place.
 E = Time spent auto-exploring this place.
 F = Levels seen in this place.
 G = Mean time per level.
                   A        B        C        D        E       F      G
               +--------+--------+--------+--------+--------+-----+--------+
         Total |  10468 |   9303 |   1165 |     28 |   7986 |  10 | 1046.8 |
       Dungeon |  10320 |   9155 |   1165 |     28 |   7870 |   9 | 1146.7 |
         Sewer |    148 |    148 |      0 |      0 |    116 |   1 |  148.0 |
               +--------+--------+--------+--------+--------+-----+--------+

Top non-repeatable levels by time:
     D:5: 1606 daAuts
     D:8: 1564 daAuts
     D:4: 1528 daAuts
     D:6: 1409 daAuts
     D:3: 1196 daAuts
     D:7: 1038 daAuts
     D:1: 995 daAuts
     D:2: 712 daAuts
     D:9: 268 daAuts
   Sewer: 148 daAuts

Table legend:
 A = Kills in this place as a percentage of kills in the entire game.
 B = Kills by you in this place as a percentage of kills by you in the entire game.
 C = Kills by friends in this place as a percentage of kills by friends in the entire game.
 D = Other kills in this place as a percentage of other kills in the entire game.
 E = Experience gained in this place as a percentage of experience gained in the entire game.
 F = Experience gained in this place divided by the number of levels of this place that you have seen.
                   A       B       C       D       E      F
               +-------+-------+-------+-------+-------+----------------------
         Total | 100.0 | 100.0 |   N/A |   N/A | 100.0 | 805.6
       Dungeon |  98.9 |  98.9 |   N/A |   N/A |  98.4 | 880.7
         Sewer |   1.1 |   1.1 |   N/A |   N/A |   1.6 | 130.0
               +-------+-------+-------+-------+-------+----------------------
